 Dungeon Crawl Stone Soup version 0.26.1-10-gdfb7c7de75 (webtiles) character file.

Game seed: 12891968596825595840

4105 Phaedo the Fighter (level 10, -2/120 HPs)
             Began as an Octopode Delver on Apr 7, 2021.
             Was a Follower of Nemelex Xobeh.
             Slain by an orc warrior
             ... wielding a +0 flail
              (3 damage)
             ... on level 7 of the Dungeon.
             The game lasted 00:17:27 (9266 turns).

Phaedo the Fighter (Octopode Delver)                Turns: 9266, Time: 00:17:28

Health: -2/120     AC: 25    Str:  8 (11) XL:     10   Next: 26%
Magic:  14/14      EV:  2    Int: 14 (16) God:    Nemelex Xobeh [*.....]
Gold:   392        SH:  5    Dex: 12 (14) Spells: 9/9 levels left

rFire    + . .     SeeInvis .   a - +2 spear (flame)
rCold    + . .     Faith    .   E - +0 buckler
rNeg     + + +     Spirit   .   (helmet currently unavailable)
rPois    +         Reflect  .   j - amulet of magic regeneration
rElec    +         Harm     .   (no ring)
rCorr    +         Rampage  .   (no ring)
Will     .....     NoTele   +   (no ring)
Stlth    ++++......             (no ring)
HPRegen  0.30/turn              (no ring)
MPRegen  0.39/turn              (no ring)
                                (no ring)
                                (no ring)

@: mighty, brilliant, lethally poisoned (-2 -> -12), tree-form, resistant, very
slightly contaminated, invisible
A: almost no armour, stealthy swim, (amphibious), 8 rings, (constrict 8)
a: Renounce Religion, Draw Escape, Draw Destruction, Draw Summoning


You were on level 7 of the Dungeon.
You worshipped Nemelex Xobeh.
Nemelex Xobeh was aware of your devotion.
You were a tree.
You visited 2 branches of the dungeon, and saw 10 of its levels.

You collected 392 gold pieces.

Inventory:

Hand Weapons
 a - a +2 spear of flaming (weapon)
 G - a +4 broad axe
 H - a +0 spear
Missiles
 k - 110 stones (quivered)
 n - 76 sling bullets
 w - 43 bolts
 I - a throwing net
 K - 42 arrows
Armour
 i - a +0 hat (melded)
 E - a +0 buckler (worn)
Jewellery
 j - an amulet of magic regeneration (around neck)
 l - an uncursed amulet of the acrobat {unknown}
 u - an uncursed ring of poison resistance {unknown}
 y - a +6 ring of intelligence {unknown}
 C - an uncursed ring of magical power {unknown}
Wands
 f - a wand of digging (12)
 v - a wand of random effects (47)
 J - a wand of acid (9)
 L - a wand of iceblast (7)
Scrolls
 b - a scroll of fog
 c - 3 scrolls of magic mapping
 d - 2 scrolls of fear
 h - a scroll of teleportation
 r - 4 scrolls of identify {unknown}
 s - a scroll of enchant armour {unknown}
 x - 2 scrolls of immolation
 B - 2 scrolls of enchant weapon {unknown}
 F - 2 scrolls of remove curse
Potions
 e - a potion of haste
 m - 2 potions of brilliance
 o - a potion of curing {unknown}
 p - a potion of lignification
 t - a potion of heal wounds


   Skills:
 - Level 11.7 Fighting
 - Level 4.9 Polearms
 + Level 6.1 Dodging
 + Level 10.5 Stealth
 - Level 4.0 Shields
 * Level 6.2 Invocations


You had 9 spell levels left.
You didn't know any spells.
Your spell library contained the following spells:

 Spells                   Type           Power        Failure   Level
 Gell's Gravitas          Tloc           0%           65%         3
 Portal Projectile        Hex/Tloc       0%           65%         3
 Dispersal                Tloc           0%           100%        6
 Disjunction              Tloc           0%           100%        8


Dungeon Overview and Level Annotations

Branches:
Dungeon (9/15)             Temple (1/1) D:4
   Lair: D:8-11         Orc: D:9-12

Altars:
Dithmenos
Elyvilon
Fedhas
Hepliaklqana
Kikubaaqudgha
Makhleb
Nemelex Xobeh
Okawaru
Qazlal
Ru
Sif Muna
Trog
Uskayaw
Wu Jian
Xom
Yredelemnul
Zin
The Shining One

Annotations:
D:2 1 runed translucent door, exclusion: door
D:3 exclusion: hobgoblin, Terence
D:5 Grinder


Innate Abilities, Weirdness & Mutations

You cannot wear most types of armour.
You are very stealthy in the water. (Stealth+)
((You are amphibious.))
You can wear up to eight rings at the same time.
((You can use your tentacles to constrict eight enemies at once.))
((Your skin changes colour to match your surroundings (Stealth+).))
((Your rubbery body absorbs attacks. (AC +1, EV +1)))


Message History

* * * LOW HITPOINT WARNING * * *
The orc wizard hits you but does no damage.
You are very lightly contaminated with residual magic.
Unknown command.
It was a potion of might.
You feel very mighty all of a sudden.
* * * LOW HITPOINT WARNING * * *
You feel sick. You block the orc wizard's attack.
The orc warrior hits you with a +0 flail!
* * * LOW HITPOINT WARNING * * *
It was a potion of resistance.
You feel protected.
* * * LOW HITPOINT WARNING * * *
You feel sick.
The orc wizard hits you but does no damage.
The orc wizard gestures at you while chanting.
The magic dart hits you but does no damage.
The orc warrior hits you with a +0 flail.
You die...
Your body disappears without a glow.

# # # # # # # #
#..###############+###
#...o♣o.........#[..##
#...#...........#...##
#.. #...........#.....
## #...##...####...##
#..##...#########...##
#.......+....>#.......
#..##...#.....#.......
#. #...##..# #+##).##
# #......####.##..##


You could see an orc warrior and an orc wizard (fast).

Vanquished Creatures
  Sigmund (D:5)
  2 water moccasins (D:9)
  A phantom (D:4)
  A black bear (D:7)
  2 necrophages
  An ogre (D:4)
  4 centaurs
  2 bullfrogs
  A water moccasin zombie (D:8)
  3 scorpions
  A howler monkey (D:4)
  A bullfrog skeleton (D:6)
  2 centaur skeletons
  An orc wizard (D:7)
  An iguana (D:4)
  3 worker ants
  2 killer bee zombies
  A worker ant zombie (D:7)
  8 gnolls
  13 adders
  A howler monkey skeleton (D:7)
  3 shadow imps
  A white imp (D:7)
  An ooze (D:3)
  An adder skeleton (D:3)
  2 worms
  A dart slug (D:2)
  5 leopard geckos
  8 orcs
  2 ball pythons (D:3)
  3 giant cockroaches
  10 goblins
  11 hobgoblins
  6 jackals
  6 kobolds
  5 quokkas
  8 bats
  4 frilled lizards
  A leopard gecko zombie (D:6)
  9 rats
  A spectral orc (D:5)
140 creatures vanquished.

Vanquished Creatures (others)
  A bush (D:7)
  46 fungi (D:9)
  45 plants (D:9)
92 creatures vanquished.

Grand Total: 232 creatures vanquished

Notes
Turn   | Place    | Note
-------+----------+-------------------------------------------
     0 | D:5      | Phaedo the Octopode Delver began the quest for the Orb.
     0 | D:5      | Reached XP level 1. HP: 16/16 MP: 1/1
   198 | D:3      | Reached XP level 2. HP: 21/21 MP: 2/2
   478 | D:3      | Found a stormy altar of Qazlal.
   494 | D:3      | Reached XP level 3. HP: 24/26 MP: 3/3
   687 | D:3      | Reached XP level 4. HP: 14/31 MP: 4/4
  2110 | D:2      | Reached XP level 5. HP: 35/36 MP: 5/5
  2570 | D:2      | Found a runed translucent door.
  3384 | D:3      | Noticed Terence
  4163 | D:4      | Reached XP level 6. HP: 17/42 MP: 6/6
  4569 | D:4      | Noticed a phantom
  5108 | D:4      | Killed a phantom
  5109 | D:4      | Reached XP level 7. HP: 33/46 MP: 7/7
  5708 | D:4      | Found a staircase to the Ecumenical Temple.
  5972 | Temple   | Entered the Ecumenical Temple
  5997 | Temple   | Became a worshipper of Nemelex Xobeh the Trickster
  6312 | D:5      | Noticed Grinder
  6353 | D:5      | Noticed Sigmund
  6363 | D:5      | Killed Sigmund
  6364 | D:5      | Reached skill level 1 in Shields
  6364 | D:5      | Reached skill level 1 in Invocations
  6437 | D:5      | Paralysed by Grinder for 4 turns
  6594 | D:5      | Found a basalt altar of Yredelemnul.
  7283 | D:6      | Reached skill level 5 in Dodging
  7283 | D:6      | Reached XP level 8. HP: 43/52 MP: 8/10
  7789 | D:6      | Noticed a green ugly thing
  7912 | D:6      | You fall into a shaft and drop 3 floors!
  8218 | D:9      | Reached * piety under Nemelex Xobeh
  8449 | D:9      | Reached skill level 10 in Stealth
  8449 | D:9      | Reached skill level 5 in Invocations
  8541 | D:9      | Noticed a yak
  8557 | D:8      | Reached XP level 9. HP: 35/56 MP: 11/13
  9209 | D:7      | Received a gift from Nemelex Xobeh
  9260 | D:7      | HP: 1/84 [orc wizard/magic dart (5)]
  9263 | D:7      | Reached skill level 11 in Fighting
  9263 | D:7      | Reached XP level 10. HP: 19/80 MP: 14/14
  9265 | D:7      | HP: 1/120 [orc warrior/+0 flail (8)]
  9266 | D:7      | Slain by an orc warrior

Illustrated notes

Levels and vault maps discovered:
D:1:      dpeg_arrival_subterranean_lakeside_camping, layout_basic,
          kennysheep_nondescript, minivault_27
D:2:      layout_basic, uniq_crazy_yiuf_cottage
D:3:      layout_loops_corners, nicolae_qazlal_general_emergency,
          minmay_misc_feat_encased, uniq_terence
D:4:      mumra_celtic_spiral_tile, layout_layer_cave,
          minmay_temple_entry_poolview
D:5:      layout_basic, yredelemnul_forgotten_temple_becter,
          hangedman_decor_points, uniq_grinder, uniq_sigmund
D:6:      layout_basic, gammafunk_temple_overflow_statue, serial_shops, shop
D:7:      layout_gridville, roderic_cross_of_infinity, minivault_23,
          kb_lookout_dungeons_type
D:8:      layout_basic, vehumet_statue, nicolae_gozag_seed_capital, basic_altar,
          nrook_pool_corridor, hangedman_pestilent_swarm, uniq_harold,
          uniq_maurice
D:9:      gammafunk_steamed_eel, layout_loops_cross,
          due_lair_maze_entry_diamond, st_stairs_9, minivault_23, minmay_radiant
Temple:   lightli_temple_of_artemis

Skill      XL: |  1  2  3  4  5  6  7  8  9 |
---------------+----------------------------+-----
Stealth        | 7 8 9 10 | 10.5
Dodging        | 3 4 5 6 |  6.1
Polearms       | 3 4 |  4.9
Shields        | 2 4 |  4.0
Invocations    | 2 5 6 |  6.2
Fighting       | 11 | 11.7

Action                   |  1- 3 |  4- 6 |  7- 9 | 10-12 || total
-------------------------+-------+-------+-------+-------++-------
Melee: Spear             |    54 |   193 |   229 |       ||   476
       Tentacles         |     9 |    28 |    49 |       ||    86
       Constrict         |     7 |    33 |    35 |       ||    75
Throw: Stone             |       |     7 |     9 |       ||    16
Evoke: Wand              |       |    11 |     3 |       ||    14
  Use: Scroll            |       |     4 |     2 |       ||     6
       Potion            |       |       |     6 |     3 ||     9
 Stab: Sleeping          |     7 |    35 |    13 |       ||    55
       Distracted        |       |     1 |     1 |       ||     2
       Paralysed         |       |    10 |       |       ||    10
Armor: Skin              |     1 |     2 |    12 |     5 ||    20
Dodge: Dodged            |    26 |    57 |   105 |       ||   188
Block: Buckler           |       |       |    33 |     2 ||    35
